 Dungeon Crawl Stone Soup version 0.30-a0-279-g4b46babb21 (webtiles) character file.

Game seed: 17276805885860792528

23 purpskrrrp the Shooter (level 3, -1/27 HPs)
             Began as a Formicid Hunter on Oct 16, 2022.
             Slain by an orc wizard
             ... wielding a +2 dagger of electrocution
              (14 damage)
             ... on level 2 of the Dungeon.
             The game lasted 00:00:44 (685 turns).

purpskrrrp the Shooter (Formicid Hunter)             Turns: 685, Time: 00:00:45

Health: -1/27      AC:  4    Str: 15    XL:     3   Next: 10%
Magic:  3/3        EV: 12    Int:  8    God:
Gold:   58         SH:  0    Dex: 19    Spells: 2/2 levels left

rFire   . . .      SeeInvis +    a - +0 shortbow
rCold   . . .      Faith    .    (no shield)
rNeg    . . .      Spirit   .    c - +0 leather armour
rPois   .          Reflect  .    (helmet unavailable)
rElec   .          Harm     .    e - +0 cloak
rCorr   .          Rampage  .    (no gloves)
Will    .....                    (no boots)
Stlth   ++........               (no amulet)
HPRegen 0.24/turn                (no ring)
MPRegen 0.08/turn                (no ring)

@: no status effects
A: permanent stasis, dig shafts and tunnels, antennae 3, four strong arms
a: Dig, Shaft Self


You were on level 2 of the Dungeon.
You visited 1 branch of the dungeon, and saw 2 of its levels.

You collected 58 gold pieces.

Inventory:

Hand Weapons
 a - a +0 shortbow (weapon)
Armour
 c - a +0 leather armour (worn)
 e - a +0 cloak (worn)
Scrolls
 b - 3 scrolls of immolation
 f - a scroll of enchant armour {unknown}
Potions
 d - a potion of curing {unknown}
 g - a potion of flight {unknown}
 h - 2 potions of attraction {unknown}


   Skills:
 - Level 2.2 Fighting
 + Level 4.7 Ranged Weapons
 - Level 1.8 Dodging
 - Level 1.4 Stealth


You had 2 spell levels left.
You didn't know any spells.
Your spell library was empty.

Dungeon Overview and Level Annotations

Branches:
Dungeon (2/15)

Altars:


Innate Abilities, Weirdness & Mutations

You cannot be hasted, slowed, berserked, paralysed or teleported.
You can dig through walls and to a lower floor.
You have a pair of large antennae on your head. (SInv)
Your four strong arms can wield two-handed weapons with a shield.


Message History

You kill the orc!
You have reached level 3!
Your experience leads to an increase in your attributes!
Increase (S)trength, (I)ntelligence, or (D)exterity?
You feel agile. x2
You shoot an arrow. The arrow hits the orc.
The orc is heavily wounded.
A hobgoblin comes into view.
You shoot an arrow. The arrow hits the orc.
You kill the orc!
An orc wizard comes into view. It is wielding a +4 dagger.
You shoot an arrow. The arrow hits the orc wizard.
The orc wizard is lightly wounded.
The orc wizard casts a spell.
The orc wizard flickers and vanishes for a moment.
The orc wizard closely misses you.
An orc comes into view. It is wielding a +0 flail.
You shoot an arrow. The arrow hits the orc wizard.
The orc wizard is heavily wounded.
The orc wizard hits you with a +2 dagger of electrocution.
You shoot an arrow. The arrow hits the orc wizard.
The orc wizard is severely wounded.
The orc wizard hits you with a +2 dagger of electrocution.
You shoot an arrow.
The arrow hits the orc wizard but does no damage.
The orc wizard is severely wounded.
The orc wizard hits you with a +2 dagger of electrocution.
A rat comes into view.
The hobgoblin misses you.
The orc wizard hits you with a +2 dagger of electrocution.
The hobgoblin hits you but does no damage.
You shoot an arrow. The arrow hits the orc wizard.
The orc wizard is severely wounded.
The orc wizard misses you. The hobgoblin barely misses you.
You shoot an arrow.
The arrow closely misses the orc wizard.
The orc wizard hits you with a +2 dagger of electrocution.
You are electrocuted!
Ouch! That really hurt!
You die...

...>......#
.######...######.#
#............#
#.#####.####.# #.
#.####.# #
#......# #.####.#
#.#####.#
#....og@#
#.#.#ro## ##o ..
.#. ##.. .. ..


You could see 2 orc wizards, an orc, a hobgoblin and a rat.

Vanquished Creatures
  An adder (D:2)
  2 orcs (D:2)
  A bat (D:1)
  An endoplasm (D:2)
  A quokka (D:1)
  2 ball pythons
  3 frilled lizards (D:1)
  A kobold (D:1)
  2 rats (D:1)
14 creatures vanquished.

Notes
Turn   | Place    | Note
-------+----------+-------------------------------------------
     0 | D:1      | purpskrrrp the Formicid Hunter began the quest for the Orb.
     0 | D:1      | Reached XP level 1. HP: 16/16 MP: 1/1
   386 | D:1      | Reached XP level 2. HP: 22/22 MP: 2/2
   678 | D:2      | Reached XP level 3. HP: 27/27 MP: 3/3
   685 | D:2      | Slain by an orc wizard

Illustrated notes

Levels and vault maps discovered:
D:1:      dpeg_arrival_more_subterranean_lakeside_camping, layout_loops_ring
D:2:      layout_loops_ring, kennysheep_decorative_pillar,
          guppyfry_early_orc_mine

Action                   || total
-------------------------++-------
 Fire: Shortbow          ||    40
Armor: Leather armour    ||     4
Dodge: Dodged            ||    12

Table legend: (Time is in decaauts)
 A = Elapsed time spent in this place.
 B = Non-inter-level travel time spent in this place.
 C = Inter-level travel time spent in this place.
 D = Time resting spent in this place.
 E = Time spent auto-exploring this place.
 F = Levels seen in this place.
 G = Mean time per level.
                   A        B        C        D        E       F      G
               +--------+--------+--------+--------+--------+-----+--------+
         Total |    697 |    643 |     54 |      0 |    557 |   2 |  348.5 |
       Dungeon |    697 |    643 |     54 |      0 |    557 |   2 |  348.5 |
               +--------+--------+--------+--------+--------+-----+--------+

Top non-repeatable levels by time:
     D:1: 635 daAuts
     D:2: 62 daAuts
